TOP OF THE 1ST |
Gresham Gold Souls batting - Pitching for Vancouver Vipers : RHP Don Barnes
|
Pitching: RHP Don Barnes
|
|
Batting: RHB David Kerr
|
0-0: Ball 1-0: Swinging Strike 1-1: SINGLE (Line Drive, 9LS)
|
Batting: RHB Gustavo Pagán
|
0-0: Swinging Strike 0-1: Ball 1-1: Ground out U3 (Groundball, 34S) David Kerr to second
|
Batting: LHB Chance Santry
|
0-0: Ball 1-0: Ball 2-0: Ball 3-0: Base on Balls
|
Batting: LHB Nick Scott
|
0-0: Ball 1-0: Ball 2-0: Foul Ball, location: 2F 2-1: Foul Ball, location: 2F 2-2: Ball 3-2: Strikes out looking
|
Batting: RHB Mario Méndez
|
0-0: 3-RUN HOME RUN (Flyball, 7LD), Distance : 356 ft
|
Batting: LHB Ezechiele Bruno
|
0-0: Ball 1-0: Foul Ball, location: 2F 1-1: Ball 2-1: Ball 3-1: Foul Ball, location: 2F 3-2: SINGLE (Groundball, 56D)
|
Batting: RHB Matt Davidson
|
0-0: Ball 1-0: Ball Ezechiele Bruno is caught stealing 2nd base
|
Top of the 1st over - 3 run(s), 3 hit(s), 0 error(s), 0 left on base; Gresham 3 - Vancouver 0 |
BOTTOM OF THE 1ST |
Vancouver Vipers batting - Pitching for Gresham Gold Souls : RHP Isaac Coleman
|
Pitching: RHP Isaac Coleman
|
|
Batting: RHB Quincy Vance
|
0-0: Foul Ball, location: 2F 0-1: Ball 1-1: Called Strike 1-2: Ground out 5-3 (Groundball, 56S)
|
Batting: RHB Alfredo Hernández
|
0-0: Ball 1-0: Fly out, F9 (Flyball, 9S)
|
Batting: LHB Mike Williams
|
0-0: Ball 1-0: Swinging Strike 1-1: Swinging Strike 1-2: Foul Ball, location: 2F 1-2: Foul Ball, location: 2F 1-2: Ball 2-2: Ball 3-2: Strikes out swinging
|
Bottom of the 1st over - 0 run(s), 0 hit(s), 0 error(s), 0 left on base; Gresham 3 - Vancouver 0 |
TOP OF THE 2ND |
Gresham Gold Souls batting - Pitching for Vancouver Vipers : RHP Don Barnes
|
Batting: RHB Matt Davidson
|
0-0: Called Strike 0-1: Ball 1-1: Ball 2-1: Swinging Strike 2-2: Ball 3-2: Strikes out looking
|
Batting: RHB Willie Houk
|
0-0: Ball 1-0: Ball 2-0: Foul Ball, location: 2F 2-1: Called Strike 2-2: Strikes out looking
|
Batting: RHB Augusto Baiano
|
0-0: SINGLE (Groundball, 34D)
|
Batting: RHB David Kerr
|
0-0: Called Strike 0-1: Foul Ball, location: 2F 0-2: Strikes out looking
|
Top of the 2nd over - 0 run(s), 1 hit(s), 0 error(s), 1 left on base; Gresham 3 - Vancouver 0 |
BOTTOM OF THE 2ND |
Vancouver Vipers batting - Pitching for Gresham Gold Souls : RHP Isaac Coleman
|
Batting: RHB Ryan Parrish
|
0-0: Ball 1-0: Fly out, F8 (Flyball, 89M)
|
Batting: RHB Salvador Medine
|
0-0: Swinging Strike 0-1: Ground out 1-3 (Groundball, 13S)
|
Batting: LHB Stan Bates
|
0-0: Ball 1-0: SINGLE (Groundball, 56D)
|
Batting: RHB Steve Bender
|
0-0: Swinging Strike 0-1: Called Strike 0-2: Fielders Choice at 2nd, 5-4 (Groundball, 56)
|
Bottom of the 2nd over - 0 run(s), 1 hit(s), 0 error(s), 0 left on base; Gresham 3 - Vancouver 0 |
TOP OF THE 3RD |
Gresham Gold Souls batting - Pitching for Vancouver Vipers : RHP Don Barnes
|
Batting: RHB Gustavo Pagán
|
0-0: Ground out 5-3 (Groundball, 56S)
|
Batting: LHB Chance Santry
|
0-0: Called Strike 0-1: Swinging Strike 0-2: Ball 1-2: Foul Ball, location: 2F 1-2: Strikes out swinging
|
Batting: LHB Nick Scott
|
0-0: Ball 1-0: Ball 2-0: Foul Ball, location: 2F 2-1: Swinging Strike 2-2: Ground out 4-3 (Groundball, 4)
|
Top of the 3rd over - 0 run(s), 0 hit(s), 0 error(s), 0 left on base; Gresham 3 - Vancouver 0 |
BOTTOM OF THE 3RD |
Vancouver Vipers batting - Pitching for Gresham Gold Souls : RHP Isaac Coleman
|
Batting: RHB David Canseco
|
0-0: Called Strike 0-1: Ball 1-1: Foul Ball, location: 2F 1-2: Ground out 6-3 (Groundball, 6)
|
Batting: RHB Axel Guimont
|
0-0: Ball 1-0: Foul Ball, location: 2F 1-1: Foul Ball, location: 2F 1-2: Ball 2-2: SINGLE (Flyball, 6MD)
|
Batting: RHB Quincy Vance
|
0-0: Ball 1-0: Foul Ball, location: 2F 1-1: Fly out, F7 (Flyball, 7LMF)
|
Batting: RHB Alfredo Hernández
|
0-0: Ball 1-0: Ball 2-0: Called Strike 2-1: Called Strike 2-2: 2-RUN HOME RUN (Flyball, 7D), Distance : 374 ft
|
Batting: LHB Mike Williams
|
0-0: Called Strike 0-1: Ball 1-1: Foul Ball, location: 2F 1-2: TRIPLE (Flyball, 78D)
|
Batting: RHB Ryan Parrish
|
0-0: Called Strike 0-1: Ball 1-1: Ball 2-1: Called Strike 2-2: Foul Ball, location: 2F 2-2: Strikes out swinging
|
Bottom of the 3rd over - 2 run(s), 3 hit(s), 0 error(s), 1 left on base; Gresham 3 - Vancouver 2 |
TOP OF THE 4TH |
Gresham Gold Souls batting - Pitching for Vancouver Vipers : RHP Don Barnes
|
Batting: RHB Mario Méndez
|
0-0: Ball 1-0: Swinging Strike 1-1: Foul Ball, location: 2F 1-2: Ball 2-2: Ground out 6-3 (Groundball, 6)
|
Batting: LHB Ezechiele Bruno
|
0-0: Ball 1-0: Foul Ball, location: 2F 1-1: Called Strike 1-2: Strikes out looking
|
Batting: RHB Matt Davidson
|
0-0: Fly out, F7 (Flyball, 7)
|
Top of the 4th over - 0 run(s), 0 hit(s), 0 error(s), 0 left on base; Gresham 3 - Vancouver 2 |
BOTTOM OF THE 4TH |
Vancouver Vipers batting - Pitching for Gresham Gold Souls : RHP Isaac Coleman
|
Batting: RHB Salvador Medine
|
0-0: Foul Ball, location: 2F 0-1: Ball 1-1: Ball 2-1: Ball 3-1: Foul Ball, location: 2F 3-2: Base on Balls
|
Batting: LHB Stan Bates
|
0-0: Ball Salvador Medine steals 2nd base 1-0: Swinging Strike 1-1: Fly out, F4 (Line Drive, 4)
|
Batting: RHB Steve Bender
|
0-0: Called Strike 0-1: Ball 1-1: SINGLE (Groundball, 6MD) Salvador Medine to third Runner from 3rd tries for Home, SAFE, no throw
|
Batting: RHB David Canseco
|
0-0: Ball 1-0: Ball 2-0: Grounds into double play, 6-4-3 (Groundball, 6)
|
Bottom of the 4th over - 1 run(s), 1 hit(s), 0 error(s), 0 left on base; Gresham 3 - Vancouver 3 |
TOP OF THE 5TH |
Gresham Gold Souls batting - Pitching for Vancouver Vipers : RHP Don Barnes
|
Batting: RHB Willie Houk
|
0-0: Ball 1-0: Swinging Strike 1-1: Foul Ball, location: 2F 1-2: Strikes out swinging
|
Batting: RHB Augusto Baiano
|
0-0: Ball 1-0: Swinging Strike 1-1: Foul Ball, location: 2F 1-2: Strikes out looking
|
Batting: RHB David Kerr
|
0-0: Ball 1-0: Ball 2-0: Called Strike 2-1: Ball 3-1: Ground out 3-1 (Groundball, 34)
|
Top of the 5th over - 0 run(s), 0 hit(s), 0 error(s), 0 left on base; Gresham 3 - Vancouver 3 |
BOTTOM OF THE 5TH |
Vancouver Vipers batting - Pitching for Gresham Gold Souls : RHP Isaac Coleman
|
Batting: RHB Axel Guimont
|
0-0: Swinging Strike 0-1: Ball 1-1: Called Strike 1-2: Ball 2-2: Ball 3-2: Ground out 6-3 (Groundball, 6)
|
Batting: RHB Quincy Vance
|
0-0: Called Strike 0-1: Ball 1-1: Ball 2-1: Ball 3-1: Foul Ball, location: 2F 3-2: SINGLE (Groundball, 56D)
|
Batting: RHB Alfredo Hernández
|
0-0: Called Strike 0-1: Foul Ball, location: 2F 0-2: Ball 1-2: Ball 2-2: Ball Wild Pitch! Quincy Vance to second 3-2: Base on Balls
|
Batting: LHB Mike Williams
|
0-0: Ball 1-0: DOUBLE (Line Drive, 9D) Quincy Vance scores Alfredo Hernández to third
|
Batting: RHB Ryan Parrish
|
0-0: Foul Ball, location: 2F 0-1: Ball 1-1: Called Strike 1-2: Foul Ball, location: 2F 1-2: Strikes out swinging
|
Batting: RHB Salvador Medine
|
0-0: Swinging Strike 0-1: DOUBLE (Flyball, 9) Alfredo Hernández scores Mike Williams scores
|
Pitching: RHP Fernando Gutiérrez
|
|
Batting: LHB Stan Bates
|
0-0: Ball 1-0: Ball 2-0: Ball 3-0: Base on Balls
|
Batting: RHB Steve Bender
|
0-0: Fielders Choice at 2nd, 4-6 (Groundball, 4)
|
Bottom of the 5th over - 3 run(s), 3 hit(s), 0 error(s), 1 left on base; Gresham 3 - Vancouver 6 |
TOP OF THE 6TH |
Gresham Gold Souls batting - Pitching for Vancouver Vipers : RHP Don Barnes
|
Batting: RHB Gustavo Pagán
|
0-0: Ground out 6-3 (Groundball, 6)
|
Batting: LHB Chance Santry
|
0-0: Ball 1-0: Ball 2-0: Swinging Strike 2-1: Ball 3-1: Base on Balls
|
Batting: LHB Nick Scott
|
0-0: Ball 1-0: Called Strike 1-1: Ball 2-1: Swinging Strike 2-2: Strikes out swinging
|
Batting: RHB Mario Méndez
|
0-0: Swinging Strike 0-1: Foul Ball, location: 2F 0-2: Strikes out swinging
|
Top of the 6th over - 0 run(s), 0 hit(s), 0 error(s), 1 left on base; Gresham 3 - Vancouver 6 |
BOTTOM OF THE 6TH |
Vancouver Vipers batting - Pitching for Gresham Gold Souls : RHP Fernando Gutiérrez
|
Batting: RHB David Canseco
|
0-0: Ball 1-0: Swinging Strike 1-1: Ball 2-1: Ball 3-1: Base on Balls
|
Batting: RHB Axel Guimont
|
0-0: Called Strike 0-1: Grounds into double play, 6-4-3 (Groundball, 6)
|
Batting: RHB Quincy Vance
|
0-0: SINGLE (Line Drive, 9LM)
|
Batting: RHB Alfredo Hernández
|
0-0: Ball 1-0: 2-RUN HOME RUN (Line Drive, 9D), Distance : 373 ft
|
Pitching: RHP António Rodríguez
|
|
Batting: LHB Mike Williams
|
0-0: SINGLE (Flyball, 78S)
|
Batting: RHB Ryan Parrish
|
0-0: Ball 1-0: Ball 2-0: Swinging Strike 2-1: Ball 3-1: Base on Balls Mike Williams to second
|
Batting: RHB Salvador Medine
|
0-0: Ball 1-0: Foul Ball, location: 2F 1-1: Swinging Strike 1-2: SINGLE (Groundball, 34D) Mike Williams to third Ryan Parrish to second Runner from 3rd tries for Home, SAFE, no throw
|
Batting: LHB Stan Bates
|
0-0: Ball 1-0: Ball 2-0: Called Strike 2-1: Foul Ball, location: 2F 2-2: Ball 3-2: Base on Balls Ryan Parrish to third Salvador Medine to second
|
Batting: RHB Steve Bender
|
0-0: Foul Ball, location: 2F 0-1: Called Strike 0-2: Foul Ball, location: 2F 0-2: Strikes out swinging
|
Bottom of the 6th over - 3 run(s), 4 hit(s), 0 error(s), 3 left on base; Gresham 3 - Vancouver 9 |
TOP OF THE 7TH |
Gresham Gold Souls batting - Pitching for Vancouver Vipers : RHP Don Barnes
|
Batting: LHB Ezechiele Bruno
|
0-0: Foul Ball, location: 2F 0-1: Ball 1-1: Ball 2-1: Foul Ball, location: 2F 2-2: Ball 3-2: Foul Ball, location: 2F 3-2: Base on Balls
|
Pitching: RHP Jeffrey Campbell
|
|
Batting: RHB Matt Davidson
|
0-0: Called Strike 0-1: Foul Ball, location: 2F 0-2: Ball 1-2: Ball 2-2: Fly out, F7 (Line Drive, 7)
|
Batting: RHB Willie Houk
|
0-0: Ball 1-0: Foul Ball, location: 2F 1-1: Fielders Choice at 2nd, 6-4 (Groundball, 6)
|
Batting: RHB Augusto Baiano
|
0-0: DOUBLE (Line Drive, 7LM) Willie Houk to third Runner from 3rd tries for Home, SAFE, no throw
|
Batting: RHB David Kerr
|
0-0: Foul Ball, location: 2F 0-1: Swinging Strike 0-2: Ground out 5-3 (Groundball, 56S)
|
Top of the 7th over - 1 run(s), 1 hit(s), 0 error(s), 1 left on base; Gresham 4 - Vancouver 9 |
BOTTOM OF THE 7TH |
Vancouver Vipers batting - Pitching for Gresham Gold Souls : RHP António Rodríguez
|
Batting: RHB David Canseco
|
0-0: Foul Ball, location: 2F 0-1: Ball 1-1: Ground out 1-3 (Groundball, 15S)
|
Batting: RHB Axel Guimont
|
0-0: Foul Ball, location: 2F 0-1: Foul Ball, location: 2F 0-2: Ball 1-2: Fly out, F8 (Flyball, 8RM)
|
Batting: RHB Quincy Vance
|
0-0: Called Strike 0-1: Foul Ball, location: 2F 0-2: Foul Ball, location: 2F 0-2: Ball 1-2: Strikes out swinging
|
Bottom of the 7th over - 0 run(s), 0 hit(s), 0 error(s), 0 left on base; Gresham 4 - Vancouver 9 |
TOP OF THE 8TH |
Gresham Gold Souls batting - Pitching for Vancouver Vipers : RHP Jeffrey Campbell
|
Batting: RHB Gustavo Pagán
|
0-0: Called Strike 0-1: Ball 1-1: Hit by Pitch
|
Batting: LHB Chance Santry
|
0-0: Called Strike 0-1: Swinging Strike 0-2: Ball 1-2: Foul Ball, location: 2F 1-2: Strikes out swinging
|
Batting: LHB Nick Scott
|
0-0: Called Strike 0-1: Called Strike 0-2: Strikes out swinging
|
Batting: RHB Mario Méndez
|
0-0: Swinging Strike 0-1: Ball 1-1: Called Strike 1-2: Foul Ball, location: 2F 1-2: Strikes out looking
|
Top of the 8th over - 0 run(s), 0 hit(s), 0 error(s), 1 left on base; Gresham 4 - Vancouver 9 |
BOTTOM OF THE 8TH |
Vancouver Vipers batting - Pitching for Gresham Gold Souls : RHP António Rodríguez
|
Batting: RHB Alfredo Hernández
|
0-0: Ball 1-0: Ball 2-0: Ball 3-0: Base on Balls
|
Batting: LHB Mike Williams
|
0-0: Ball 1-0: Ball 2-0: Ground out 4-3 (Groundball, 34D) Alfredo Hernández to second
|
Batting: RHB Ryan Parrish
|
0-0: Called Strike 0-1: Ball 1-1: Foul Ball, location: 2F 1-2: Ball 2-2: Ball 3-2: Foul Ball, location: 2F 3-2: Base on Balls
|
Batting: RHB Salvador Medine
|
0-0: Ball 1-0: DOUBLE (Line Drive, 89D) Alfredo Hernández scores Ryan Parrish to third Runner from 3rd tries for Home, SAFE, no throw
|
Pitching: RHP Andy Hickey
|
|
Batting: LHB Stan Bates
|
0-0: Swinging Strike 0-1: Ball 1-1: Called Strike 1-2: Ball 2-2: Foul Ball, location: 2F 2-2: Foul Ball, location: 2F 2-2: Foul Ball, location: 2F 2-2: Foul Ball, location: 2F 2-2: Ball 3-2: SINGLE (Line Drive, 4S) (infield hit) Salvador Medine to third
|
Batting: RHB Steve Bender
|
0-0: Called Strike 0-1: Ball 1-1: Ball 2-1: Foul Ball, location: 2F 2-2: Foul Ball, location: 2F 2-2: Foul Ball, location: 2F 2-2: Strikes out swinging
|
Batting: RHB David Canseco
|
0-0: Ball 1-0: Ball 2-0: Ball 3-0: Called Strike 3-1: Base on Balls Stan Bates to second
|
Batting: RHB Axel Guimont
|
0-0: Called Strike 0-1: Fielders Choice at 2nd, 6-4 (Groundball, 6)
|
Bottom of the 8th over - 2 run(s), 2 hit(s), 0 error(s), 2 left on base; Gresham 4 - Vancouver 11 |
TOP OF THE 9TH |
Gresham Gold Souls batting - Pitching for Vancouver Vipers : RHP Jeffrey Campbell
|
Batting: LHB Ezechiele Bruno
|
0-0: Ball 1-0: Ground out 4-3 (Groundball, 4)
|
Batting: RHB Matt Davidson
|
0-0: Ball 1-0: Foul Ball, location: 2F 1-1: Foul Ball, location: 2F 1-2: Strikes out looking
|
Batting: RHB Willie Houk
|
0-0: Hit by Pitch
|
Batting: RHB Augusto Baiano
|
0-0: SINGLE (Line Drive, 4D) Willie Houk to second
|
Batting: RHB David Kerr
|
0-0: Called Strike 0-1: Ball 1-1: Fielders Choice at 2nd, 4-6 (Groundball, 4)
|
Top of the 9th over - 0 run(s), 1 hit(s), 0 error(s), 1 left on base; Gresham 4 - Vancouver 11 |
|